[Event "*** SCC Grand Prix: Titled Tuesday Blitz"]
[Site "Chess.com"]
[Date "2020.06.02"]
[Round "1"]
[White "vanyakuba"]
[Black "Hrant_ChessMood"]
[Result "1-0"]
[WhiteElo "2460"]
[BlackElo "2932"]
[TimeControl "180+1"]
[EndTime "10:09:50 PDT"]
[Termination "vanyakuba won on time"]

1. e4 c6 2. d4 d5 3. exd5 cxd5 4. c4 Nf6 5. Nc3 e6 6. Nf3 Bb4 7. cxd5 Nxd5 8. Bd2 Nc6 9. Bd3 Be7 10. a3 O-O 11. O-O b6 12. Re1 Bb7 13. Ne4 Nf6 14. Bg5 Nxd4 15. Bxf6 Nxf3+ 16. Qxf3 Bxf6 17. Nxf6+ gxf6 18. Bxh7+ Kg7 19. Qg4+ Kh8 20. Qh5 Kg7 21. Re3 Rh8 22. Qg4+ Kf8 23. Rd1 Qc7 24. Be4 Bxe4 25. Qxe4 Rc8 26.
g3 f5 27. Qd4 Kg8 28. Red3 Qe7 29. Qd7 Qxd7 30. Rxd7 Rc2 31. Rxa7 Rxb2 32. Rdd7 Rh7 33.
Rab7 f4 34. a4 f3 35. Rd1 Ra2 36. Rxb6 Rxa4 37. Rb3 Ra5 38. Rxf3 Ra7 39. Kg2 Kg7 40. Rd4 Rh5 41. Rg4+ Kf8 42. h4 Rd5 43. Rgf4 Ke8 44.
Rg4 Kf8 45. Rg5 Rd4 46. Re5 Re7 47. Rb5 Kg7 48. Rb8 Kh7 49. Rbb3 Rd5 50. Rbd3 Re5 51. Rde3 Ra5 52. Ra3 Rb5 53. Ra4 Reb7 54. Kh3 Kg7 55. Rg4+ Kh7 56. Rg5 Rb1 57. Rc5 Rh1+ 58. Kg2 Rhb1 59.
Rh5+ Kg7 60. Rg5+ Kh7 61. Rh5+ Kg7 62. Rg5+ Kf8 63. h5 R1b5 64. Rxb5 Rxb5 65. g4 Kg7 66. Kg3 Rb1 67. Rc3 Rg1+ 68. Kf3 Rh1 69. Rc7 Kf6 70. Kf4 Rh4 71. f3 e5+ 72. Ke4 Rh1 73. Rc6+ Kg5 74. Kxe5 Re1+ 75. Kd4 Re8 76. Kd3 Re7 77. Kd2 Kh4 78. Rf6 Kg3 79. Rf5 Kf2 80. Kd3 Rd7+ 81. Ke4 Kg3 82. Ke5 Kh4 83. Kf6 Kg3 84. Kg7 Rd6 85.
h6 Rg6+ 86. Kh7 1-0

[Event "*** SCC Grand Prix: Titled Tuesday Blitz"]
[Site "Chess.com"]
[Date "2020.06.02"]
[Round "1"]
[White "vanImpe"]
[Black "Twitch_ElhamBlitz05"]
[Result "1/2-1/2"]
[WhiteElo "2347"]
[BlackElo "2683"]
[TimeControl "180+1"]
[EndTime "10:09:52 PDT"]
[Termination "Game drawn - insufficient material"]

1. g3 Nf6 2. Bg2 g6 3. d4 Bg7 4. e4 d6 5. Ne2 O-O 6. O-O Nbd7 7. c4 e5 8. Nbc3 exd4 9. Nxd4 Re8 10. h3 Nc5 11.
Re1 c6 12. Qc2 Bd7 13. Bf4 Nfxe4 14. Nxe4 Bxd4 15. Rad1 Ne6 16. Bxd6 f5 17. Nc3 Qf6 18.
Ba3 Rad8 19. Ne2 Bc5 20. Bxc5 Nxc5 21. Nf4 a5 22. b3 Bc8 23. h4 Qf7 24. a3 Ne6 25. Nxe6 Bxe6 26. Rxd8 Rxd8 27. Qe2 Re8 28. a4 Bd7 29. Qd2 Rxe1+ 30. Qxe1 b6 31. Qe3 Qe6 32. Qxb6 Qe1+ 33. Kh2 Kf7 34. Qa7 Ke8 35. Qe3+ Qxe3 36. fxe3 Ke7 37. c5 Kd8 38. Bf3 Be6 39. Bd1 Ke7 40.
Kg2 Kf6 41. Kf3 Ke5 42. Bc2 Bd5+ 43. Ke2 h6 44. Bd1 Be4 45. Kd2 Kd5 46. Kc3 Kxc5 47.
Be2 g5 48. hxg5 hxg5 49. Bc4 Bd5 50. Bd3 Be4 51. Bc4 Kd6 52. Kd4 c5+ 53. Kc3 Bd5 54. Bd3 Ke5 55. Bc2 Be4 56. Bd1 Bb1 57. Bf3 Be4 58.
Be2 Bd5 59. Bd3 Kf6 60. Bc2 Be6 61. Bd3 Ke5 62. Bc2 Bc8 63. Bd3 Bb7 64. Kc4 Bd5+ 65. Kxc5 Bxb3 66. Kb5 Bd5 67. Kxa5 Be4 68. Be2 Bd5 69.
Bd3 Be4 70. Bb5 Bc2 71. Bc6 Be4 72. Kb6 Bxc6 73. Kxc6 Ke4 74. a5 Kxe3 75. a6 f4 76. a7 fxg3 77. a8=Q g2 78. Qa1 Kf2 79. Qb2+ Kf1 80.
Qc1+ Kf2 81. Qd2+ Kf1 82. Qd1+ Kf2 83. Qd4+ Kf1 84. Qf6+ Ke2 85. Qxg5 Kf2 86. Qf4+ Ke2 87.
Qg3 Kf1 88. Qf3+ Kg1 89. Kd5 Kh2 90. Qh5+ Kg3 91. Qg5+ Kf2 92. Qf4+ Ke2 93. Qg3 Kf1 94. Qf3+ Kg1 95. Ke4 Kh2 96. Qh5+ Kg3 97. Qg5+ Kf2 98. Qf4+ Ke1 99. Qg3+ Kf1 100. Kf3 g1=Q 101. Qxg1+ Kxg1 1/2-1/2

[Event "*** SCC Grand Prix: Titled Tuesday Blitz"]
[Site "Chess.com"]
[Date "2020.06.02"]
[Round "1"]
[White "RaunakSadhwani2005"]
[Black "chess94cu"]
[Result "0-1"]
[WhiteElo "2877"]
[BlackElo "2448"]
[TimeControl "180+1"]
[EndTime "10:10:05 PDT"]
[Termination "chess94cu won by resignation"]

1. e4 e5 2. Nf3 Nc6 3. Bc4 Bc5 4.
O-O Nf6 5. d3 h6 6. c3 d6 7. a4 a5 8. Bb3 O-O 9. h3 Re8 10. Re1 Bb6 11. Nbd2 Be6 12. Bxe6 Rxe6 13. Nc4 Ba7 14. Be3 Bxe3 15. Nxe3 d5 16. exd5 Nxd5 17.
Qb3 Nf4 18. Rad1 Rg6 19. Kh2 Rb8 20. Qc4 Qd6 21. Qe4 Re8 22. d4 Qf6 23. Ng4 Qe6 24.
d5 f5 25. dxe6 fxe4 26. Rxe4 Rgxe6 27. Rd7 h5 28. Ne3 R6e7 29. Rxe7 Rxe7 30. Nc4 Nd3 31. Re2 e4 32. Nfd2 Nc5 33. b3 h4 34. Kg1 g6 35. Re3 Kf7 36. Kf1 b6 37. Ke2 Kf6 38.
b4 axb4 39. cxb4 Nxa4 40. Nxe4+ Kg7 41. f3 Nd4+ 42. Kd2 b5 43. Rd3 Nxf3+ 44. gxf3 bxc4 45. Rd4 Nb6 46. Ng5 Rd7 47. Rxd7+ Nxd7 48. Ne6+ Kf6 49.
Nxc7 Ke5 50. Kc3 Kf4 51. b5 Kxf3 52. Nd5 Kg3 53. Kxc4 Kxh3 54. Ne3 g5 55. Kd4 g4 56. Ke4 g3 57. Kf3 Ne5+ 58. Ke2 Kh2 59. b6 g2 60. b7 Nc6 61. Ng4+ Kg3 62. Ne5 g1=Q 63. Nxc6 Qb6 64. b8=Q+ Qxb8 65. Nxb8 Kg2 66. Nc6 h3 67. Ne5 h2 68. Ng4 h1=Q 69. Ne3+ Kh3 70. Nf1 Qe4+ 71.
Kf2 Qg2+ 72. Ke1 Qf3 73. Nd2 Qe3+ 74. Kd1 Kg2 75. Kc2 Kf2 76. Nc4 Qc5 77. Kc3 Ke2 78.
Kb3 Kd3 79. Nb2+ Kd4 80. Na4 Qc4+ 81. Ka3 Qb5 82. Nb2 Kc3 83. Na4+ Kc2 0-1

[Event "*** SCC Grand Prix: Titled Tuesday Blitz"]
[Site "Chess.com"]
[Date "2020.06.02"]
[Round "2"]
[White "jefferyx"]
[Black "Jeffinho023"]
[Result "1-0"]
[WhiteElo "2933"]
[BlackElo "2571"]
[TimeControl "180+1"]
[EndTime "10:11:53 PDT"]
[Termination "jefferyx won by resignation"]

1. d4 Nf6 2. c4 e6 3. Nc3 d5 4.
Bg5 Nbd7 5. e3 c6 6. Nf3 Qa5 7. Nd2 dxc4 8. Bxf6 Nxf6 9. Nxc4 Qc7 10. g3 Be7 11. Bg2 O-O 12. O-O b6 13. Rc1 Bb7 14. Ne5 Rac8 15. Nb5 Qd7 16. Nxd7 1-0

[Event "*** SCC Grand Prix: Titled Tuesday Blitz"]
[Site "Chess.com"]
[Date "2020.06.02"]
[Round "2"]
[White "wonderfultime"]
[Black "Savagelittlemole"]
[Result "1-0"]
[WhiteElo "2980"]
[BlackElo "2584"]
[TimeControl "180+1"]
[EndTime "10:12:04 PDT"]
[Termination "wonderfultime won by resignation"]

1. d4 Nf6 2. Nf3 d6 3. g3 g6 4. Bg2 Bg7 5. O-O O-O 6. c4 Nbd7 7. Nc3 e5 8. Qc2 Re8 9. Rd1 exd4 10. Nxd4 Nc5 11. h3 a5 12. b3 Rb8 13. Ba3 Ne6 14.
Ndb5 b6 15. Na7 Ng5 16. Nc6 1-0

[Event "*** SCC Grand Prix: Titled Tuesday Blitz"]
[Site "Chess.com"]
[Date "2020.06.02"]
[Round "2"]
[White "Luibov_AN"]
[Black "elegant285"]
[Result "0-1"]
[WhiteElo "2051"]
[BlackElo "2371"]
[TimeControl "180+1"]
[EndTime "10:12:20 PDT"]
[Termination "elegant285 won by resignation"]

1. d4 Nf6 2. Nf3 d5 3. c4 e6 4. Nc3 a6 5. e3 Be7 6. Bd2 O-O 7. b3 b6 8. Bd3 Bb7 9. O-O Nbd7 10. Ne5 dxc4 11. Bxc4 c5 12. f4 b5 13. Bd3 cxd4 14.
exd4 Nxe5 0-1

[Event "*** SCC Grand Prix: Titled Tuesday Blitz"]
[Site "Chess.com"]
[Date "2020.06.02"]
[Round "2"]
[White "Yaacovn"]
[Black "regular_legs"]
[Result "1-0"]
[WhiteElo "2875"]
[BlackElo "2554"]
[TimeControl "180+1"]
[EndTime "10:12:31 PDT"]
[Termination "Yaacovn won by resignation"]

1. d4 e6 2. Nf3 c5 3. e3 Nf6 4.
Bd3 b6 5. O-O cxd4 6. exd4 Ba6 7. Bxa6 Nxa6 8. c4 Be7 9. d5 exd5 10. cxd5 Qb8 11. Re1 Qd6 12. Qe2 Nc7 13. Bf4 1-0

[Event "*** SCC Grand Prix: Titled Tuesday Blitz"]
[Site "Chess.com"]
[Date "2020.06.02"]
[Round "2"]
[White "PavlovDanila"]
[Black "Camels1981"]
[Result "1-0"]
[WhiteElo "2625"]
[BlackElo "2309"]
[TimeControl "180+1"]
[EndTime "10:12:37 PDT"]
[Termination "PavlovDanila won by resignation"]

1. e4 c5 2. Nf3 d6 3. d4 cxd4 4. Nxd4 Nf6 5. Nc3 a6 6. Be3 e5 7. Nb3 Be6 8. Qd2 Be7 9. O-O-O O-O 10. f4 Nbd7 11. f5 Bxb3 12. axb3 Nc5 13. Bxc5 dxc5 14.
Bc4 Ng4 15. Qe2 1-0

[Event "*** SCC Grand Prix: Titled Tuesday Blitz"]
[Site "Chess.com"]
[Date "2020.06.02"]
[Round "2"]
[White "Sam_ChessMood"]
[Black "MashaFromRussia"]
[Result "1-0"]
[WhiteElo "2845"]
[BlackElo "2404"]
[TimeControl "180+1"]
[EndTime "10:12:54 PDT"]
[Termination "Sam_ChessMood won by resignation"]

1. e4 c5 2. Nf3 Nc6 3. d4 cxd4 4. Nxd4 Nf6 5. Nc3 e5 6. Ndb5 d6 7. Nd5 Nxd5 8. exd5 Ne7 9. c4 Ng6 10. Qa4 Bd7 11. Qb4 Qb8 12. Be3 Be7 13. c5 dxc5 14.
Bxc5 Bxc5 15. Qxc5 b6 16. Qa3 Bxb5 17. Bxb5+ Kd8 18.
Bc6 1-0

[Event "*** SCC Grand Prix: Titled Tuesday Blitz"]
[Site "Chess.com"]
[Date "2020.06.02"]
[Round "2"]
[White "Future2700"]
[Black "Ty3oB"]
[Result "1-0"]
[WhiteElo "2424"]
[BlackElo "2180"]
[TimeControl "180+1"]
[EndTime "10:12:55 PDT"]
[Termination "Future2700 won by resignation"]

1. e4 e5 2. Nf3 Nf6 3. Nxe5 d6 4.
Nf3 Nxe4 5. Nc3 Nxc3 6. dxc3 Be7 7. Be3 Nc6 8. Qd2 Be6 9. Bb5 a6 10. Ba4 O-O 11. O-O-O Ne5 12. Bb3 Nc4 13. Bxc4 Bxc4 14. h4 Re8 15. h5 Qd7 16. h6 g6 17. Qd4 1-0

[Event "*** SCC Grand Prix: Titled Tuesday Blitz"]
[Site "Chess.com"]
[Date "2020.06.02"]
[Round "2"]
[White "avantage_ru"]
[Black "Lovinski"]
[Result "1-0"]
[WhiteElo "2726"]
[BlackElo "2391"]
[TimeControl "180+1"]
[EndTime "10:13:03 PDT"]
[Termination "avantage_ru won by resignation"]

1. g3 d5 2. Nf3 Nf6 3. Bg2 e6 4.
O-O c5 5. d3 Nc6 6. Nbd2 Be7 7.
e4 O-O 8. Re1 b5 9. e5 Nd7 10.
Nf1 Bb7 11. h4 Qb6 12. N1h2 Rfc8 13. Ng4 Qd8 14. Bg5 a5 15. Qd2 a4 16. a3 b4 17.
Qf4 Qf8 18. Rab1 Ba6 19. h5 h6 20. Nxh6+ gxh6 21. Bxh6 Qd8 22. Qg4+ 1-0

[Event "*** SCC Grand Prix: Titled Tuesday Blitz"]
[Site "Chess.com"]
[Date "2020.06.02"]
[Round "2"]
[White "Benjoneliere44"]
[Black "1f3_2g41-0"]
[Result "1-0"]
[WhiteElo "2461"]
[BlackElo "2252"]
[TimeControl "180+1"]
[EndTime "10:13:03 PDT"]
[Termination "Benjoneliere44 won by checkmate"]

1. e4 c5 2. Nc3 d6 3. f4 Nc6 4. Nf3 g6 5. Bc4 Bg7 6. O-O e6 7. d3 Nge7 8. Qe1 O-O 9. f5 exf5 10. Qh4 fxe4 11. dxe4 Nd4 12. Ng5 h6 13. Nxf7 Qc7 14. Nxh6+ Kh8 15. Nf7+ Kg8 16. Ng5+ d5 17. Qh7# 1-0

[Event "*** SCC Grand Prix: Titled Tuesday Blitz"]
[Site "Chess.com"]
[Date "2020.06.02"]
[Round "2"]
[White "Escanor89"]
[Black "LiemLe"]
[Result "0-1"]
[WhiteElo "2565"]
[BlackElo "2918"]
[TimeControl "180+1"]
[EndTime "10:13:11 PDT"]
[Termination "LiemLe won by resignation"]

1. c4 e5 2. Nc3 Nf6 3. Nf3 Nc6 4. e3 Bb4 5. Qc2 Bxc3 6. Qxc3 Qe7 7. d4 Ne4 8. Qd3 exd4 9. Nxd4 O-O 10. a3 Nc5 11. Qc3 Nxd4 12. Qxd4 Nb3 13. Qd1 Nxa1 14. Bd2 Rd8 15. Qxa1 d5 16. cxd5 Rxd5 17. Bc3 Bg4 18. Bc4 Rd1+ 19. Qxd1 Bxd1 20. Kxd1 Qe4 21. Be2 Qb1+ 0-1

[Event "*** SCC Grand Prix: Titled Tuesday Blitz"]
[Site "Chess.com"]
[Date "2020.06.02"]
[Round "2"]
[White "IMDT02"]
[Black "GodDMuhammad"]
[Result "0-1"]
[WhiteElo "2487"]
[BlackElo "2289"]
[TimeControl "180+1"]
[EndTime "10:13:13 PDT"]
[Termination "GodDMuhammad won by resignation"]

1. Nf3 Nf6 2. e3 d5 3. d4 c6 4. Bd3 Bg4 5. O-O Nbd7 6. Nbd2 e5 7. dxe5 Nxe5 8. Be2 Nxf3+ 9. Nxf3 Bxf3 10. Bxf3 Bd6 11. c4 h5 12. cxd5 Bxh2+ 13. Kxh2 Ng4+ 14. Kg3 Qd6+ 15. Kh4 Qh2+ 16. Kg5 f6+ 0-1

[Event "*** SCC Grand Prix: Titled Tuesday Blitz"]
[Site "Chess.com"]
[Date "2020.06.02"]
[Round "2"]
[White "AungTZ"]
[Black "Riptide27"]
[Result "0-1"]
[WhiteElo "1929"]
[BlackElo "2599"]
[TimeControl "180+1"]
[EndTime "10:13:14 PDT"]
[Termination "Riptide27 won by checkmate"]

1. e4 c5 2. Nf3 e6 3. d4 cxd4 4.
Nxd4 Nf6 5. Nc3 d6 6. Bd3 a6 7. Be3 b5 8. a3 Bb7 9. Qe2 Nbd7 10. O-O g6 11. Rad1 Bg7 12. f4 O-O 13. Kh1 Qc7 14. f5 exf5 15. exf5 Rae8 16. Qd2 Ng4 17. Bg1 Bh6 18. Rf4 Ndf6 19. h3 Nh5 20. Nce2 Bxf4 21. Nxf4 Ng3# 0-1

[Event "*** SCC Grand Prix: Titled Tuesday Blitz"]
[Site "Chess.com"]
[Date "2020.06.02"]
[Round "2"]
[White "Dare-Dare"]
[Black "StockholmMissile"]
[Result "0-1"]
[WhiteElo "2217"]
[BlackElo "2440"]
[TimeControl "180+1"]
[EndTime "10:13:16 PDT"]
[Termination "StockholmMissile won by resignation"]

1. Nf3 d5 2. c4 d4 3. b4 Bg4 4. Qb3 Bxf3 5. Qxf3 c6 6. Bb2 e5 7. a3 Nf6 8. d3 Nbd7 9. Nd2 a5 10.
b5 Qb6 11. a4 Bb4 12. g3 Nc5 13. Bg2 Bxd2+ 14. Kxd2 Nb3+ 15. Kc2 Nxa1+ 16. Rxa1 O-O 17.
Kb3 cxb5 18. cxb5 Qe6+ 0-1

[Event "*** SCC Grand Prix: Titled Tuesday Blitz"]
[Site "Chess.com"]
[Date "2020.06.02"]
[Round "2"]
[White "FM_VS99"]
[Black "PavelShkapenko"]
[Result "0-1"]
[WhiteElo "2309"]
[BlackElo "2642"]
[TimeControl "180+1"]
[EndTime "10:13:24 PDT"]
[Termination "PavelShkapenko won by checkmate"]

1. Nf3 Nf6 2. g3 d5 3. Bg2 c6 4.
c4 dxc4 5. O-O Nbd7 6. a4 e5 7. Qc2 Bd6 8. Na3 Bc7 9. Nxc4 O-O 10. d3 Re8 11. Nfd2 Nf8 12. b4 Ne6 13. e3 Ng5 14. Nb3 Bh3 15. Nc5 Bxg2 16. Kxg2 Qc8 17. f4 exf4 18.
gxf4 Qh3+ 19. Kh1 Qxf1# 0-1

[Event "*** SCC Grand Prix: Titled Tuesday Blitz"]
[Site "Chess.com"]
[Date "2020.06.02"]
[Round "2"]
[White "ARMQUEEN"]
[Black "Maghalashvili"]
[Result "0-1"]
[WhiteElo "2327"]
[BlackElo "2772"]
[TimeControl "180+1"]
[EndTime "10:13:28 PDT"]
[Termination "Maghalashvili won by resignation"]

1. e4 c5 2. Nc3 a6 3. a4 Nc6 4. f4 g6 5. Nf3 Bg7 6. Bc4 e6 7. O-O Nge7 8. d3 d5 9. Ba2 O-O 10. Qe1 Nb4 11. Bb3 c4 12. dxc4 dxc4 13. Ne2 Qb6+ 14.
Kh1 cxb3 15. Qh4 Nxc2 16. Qxe7 Nxa1 17. Bd2 Nc2 18. f5 exf5 19. exf5 Bxf5 0-1

[Event "*** SCC Grand Prix: Titled Tuesday Blitz"]
[Site "Chess.com"]
[Date "2020.06.02"]
[Round "2"]
[White "thedjoker98"]
[Black "Mimsychess"]
[Result "1-0"]
[WhiteElo "2460"]
[BlackElo "2252"]
[TimeControl "180+1"]
[EndTime "10:13:28 PDT"]
[Termination "thedjoker98 won by resignation"]

1. d4 Nf6 2. c4 g6 3. Nc3 Bg7 4. e4 d6 5. h3 O-O 6. Be3 c6 7.
Nf3 a6 8. c5 dxc5 9. dxc5 Qa5 10. Nd2 Rd8 11. Qc2 Nbd7 12. a3 Qc7 13. Nc4 Ne5 14. Nb6 Rb8 15. Be2 Nfd7 16. f4 Nxb6 17. cxb6 Qd6 18. Rd1 1-0

[Event "*** SCC Grand Prix: Titled Tuesday Blitz"]
[Site "Chess.com"]
[Date "2020.06.02"]
[Round "2"]
[White "ChainsOfFantasia"]
[Black "Bastiandash"]
[Result "1-0"]
[WhiteElo "2486"]
[BlackElo "2105"]
[TimeControl "180+1"]
[EndTime "10:13:37 PDT"]
[Termination "ChainsOfFantasia won by resignation"]

1. c4 Nf6 2. Nc3 e6 3. e4 d5 4. e5 d4 5. exf6 dxc3 6. bxc3 Qxf6 7. d4 Bd6 8. Nf3 h6 9. c5 Be7 10. Bd3 O-O 11. g4 g5 12. h4 gxh4 13. g5 1-0

[Event "*** SCC Grand Prix: Titled Tuesday Blitz"]
[Site "Chess.com"]
[Date "2020.06.02"]
[Round "2"]
[White "lifeissofun"]
[Black "Ellaijio_B"]
[Result "0-1"]
[WhiteElo "2273"]
[BlackElo "2635"]
[TimeControl "180+1"]
[EndTime "10:13:43 PDT"]
[Termination "Ellaijio_B won by resignation"]

1. e4 c5 2. Nf3 e6 3. d4 cxd4 4.
Nxd4 a6 5. c4 Nf6 6. Nc3 Qc7 7.
Qd3 Nc6 8. a3 Ne5 9. Qe2 d6 10.
Be3 b6 11. h3 Bb7 12. f3 Rc8 13. b3 b5 14. f4 Ned7 15. Rc1 bxc4 16. Qxc4 Qa5 17.
Qd3 Nc5 18. Qc2 Ncxe4 19. b4 Qxa3 20. Ncb5 Qxe3+ 0-1

[Event "*** SCC Grand Prix: Titled Tuesday Blitz"]
[Site "Chess.com"]
[Date "2020.06.02"]
[Round "2"]
[White "PSvidler"]
[Black "GothamChess"]
[Result "0-1"]
[WhiteElo "2988"]
[BlackElo "2608"]
[TimeControl "180+1"]
[EndTime "10:13:48 PDT"]
[Termination "GothamChess won by resignation"]

1. e4 c6 2. d4 d5 3. e5 Bf5 4.
Nd2 e6 5. Nb3 Nd7 6. Nf3 h6 7.
Be2 Ne7 8. O-O Nc8 9. a4 a5 10. Bd2 Be7 11. c4 O-O 12. cxd5 exd5 13. Ne1 Bb4 14.
Bxb4 axb4 15. Bd3 Bxd3 16. Nxd3 Ncb6 17. f4 Rxa4 18. Rxa4 Nxa4 19. f5 Qg5 20. Rf4 Nxb2 21. Qf3 Nxd3 22. Rg4 N3xe5 0-1

[Event "*** SCC Grand Prix: Titled Tuesday Blitz"]
[Site "Chess.com"]
[Date "2020.06.02"]
[Round "2"]
[White "Papa12341234"]
[Black "ashookk"]
[Result "1-0"]
[WhiteElo "2533"]
[BlackElo "2204"]
[TimeControl "180+1"]
[EndTime "10:13:50 PDT"]
[Termination "Papa12341234 won by resignation"]

1. e4 e6 2. d4 d5 3. Nd2 Be7 4. Bd3 c5 5. dxc5 Nf6 6. Qe2 Nc6 7. Ngf3 O-O 8. O-O Nd7 9. exd5 exd5 10. c3 Nxc5 11. Bc2 b6 12. Qd1 Ba6 13. Re1 Bd6 14.
Nb3 Rc8 15. Nbd4 Nxd4 16. Nxd4 Qh4 17. g3 Qf6 18. Qh5 Nd3 19. Bxd3 Bxd3 20. Qxd5 Rfe8 21.
Bd2 Bc5 22. Rxe8+ Rxe8 23. Re1 Rxe1+ 24. Bxe1 Bxd4 25. Qa8+ 1-0

[Event "*** SCC Grand Prix: Titled Tuesday Blitz"]
[Site "Chess.com"]
[Date "2020.06.02"]
[Round "2"]
[White "Phriex"]
[Black "lrestevez"]
[Result "0-1"]
[WhiteElo "2381"]
[BlackElo "2154"]
[TimeControl "180+1"]
[EndTime "10:13:50 PDT"]
[Termination "lrestevez won by resignation"]

1. d4 Nf6 2. c4 e5 3. dxe5 Ng4 4.
Nf3 Bc5 5. e3 Nc6 6. Be2 Ngxe5 7. O-O O-O 8. b3 a5 9. Bb2 Nxf3+ 10. Bxf3 Re8 11. Nc3 Ne5 12. Na4 Bf8 13. Rc1 Ra6 14. Nc3 Rh6 15. Ne4 Qh4 16. h3 d6 17. Ng3 Bxh3 18. gxh3 Qxh3 19. Re1 Qh2+ 20. Kf1 Rf6 21. Bg2 Qxg3 22. f4 Ng4 23. Qf3 Nh2+ 0-1

[Event "*** SCC Grand Prix: Titled Tuesday Blitz"]
[Site "Chess.com"]
[Date "2020.06.02"]
[Round "2"]
[White "Revnov"]
[Black "albano87"]
[Result "1-0"]
[WhiteElo "2690"]
[BlackElo "2457"]
[TimeControl "180+1"]
[EndTime "10:14:01 PDT"]
[Termination "Revnov won by resignation"]

1. b3 Nf6 2. Bb2 e6 3. e3 d5 4. Nf3 Nbd7 5. d4 Bd6 6. Nbd2 c5 7. Bd3 O-O 8. O-O b6 9. Qe2 Qc7 10. e4 dxe4 11. Nxe4 Nxe4 12. Qxe4 Nf6 13. Qh4 h6 14. dxc5 Be7 15. cxb6 axb6 16. Bxf6 Bxf6 17. Qe4 g6 18. Qxa8 Bxa1 19. Rxa1 Bb7 20. Qa4 Qc3 21. Qd4 Bxf3 22.
Qxc3 1-0

[Event "*** SCC Grand Prix: Titled Tuesday Blitz"]
[Site "Chess.com"]
[Date "2020.06.02"]
[Round "2"]
[White "Shivagami"]
[Black "SavelievAlexei"]
[Result "1-0"]
[WhiteElo "2260"]
[BlackElo "2438"]
[TimeControl "180+1"]
[EndTime "10:14:03 PDT"]
[Termination "Shivagami won by resignation"]

1. d4 d6 2. c4 Nf6 3. Nc3 Nbd7 4. e4 e5 5. d5 g6 6. f4 Bg7 7.
Nf3 O-O 8. Bd3 Qe7 9. O-O Nh5 10.
f5 Nc5 11. Bc2 gxf5 12. exf5 e4 13. Ng5 Nf6 14. Qe1 h6 15. Ngxe4 Nfxe4 16. Nxe4 Re8 17.
f6 Qe5 18. Bf4 Qd4+ 19. Be3 Qxc4 20. Qg3 1-0

[Event "*** SCC Grand Prix: Titled Tuesday Blitz"]
[Site "Chess.com"]
[Date "2020.06.02"]
[Round "2"]
[White "EvgenyRomanov"]
[Black "adriangschnitzer"]
[Result "0-1"]
[WhiteElo "2650"]
[BlackElo "2452"]
[TimeControl "180+1"]
[EndTime "10:14:04 PDT"]
[Termination "adriangschnitzer won by resignation"]

1. d4 Nf6 2. c4 c5 3. d5 b5 4. cxb5 a6 5. b6 e6 6. Nc3 Nxd5 7. Nxd5 exd5 8. Qxd5 Nc6 9. Nf3 Rb8 10. e3 Be7 11. Bc4 O-O 12. O-O Rxb6 13. Rd1 d6 14. Qh5 Be6 15. b3 Bxc4 16. bxc4 Bf6 17. Bd2 Bxa1 18. Rxa1 Qf6 19. Rd1 Rfb8 20. h3 Rb1 21. Rxb1 Rxb1+ 22. Kh2 Ne5 23. Ng5 Qg6 24. Qh4 h6 25. Ne4 Nf3+ 0-1

[Event "*** SCC Grand Prix: Titled Tuesday Blitz"]
[Site "Chess.com"]
[Date "2020.06.02"]
[Round "2"]
[White "francyIM"]
[Black "Koalaskakistis"]
[Result "1-0"]
[WhiteElo "2661"]
[BlackElo "2399"]
[TimeControl "180+1"]
[EndTime "10:14:04 PDT"]
[Termination "francyIM won by resignation"]

1. d4 f5 2. c4 Nf6 3. g3 d6 4. Bg2 e6 5. Nf3 Be7 6. O-O O-O 7. Nc3 Ne4 8. Qc2 Nxc3 9. bxc3 Nc6 10. e4 e5 11. c5 Kh8 12. cxd6 cxd6 13. dxe5 dxe5 14. exf5 Bxf5 15. Qe2 Bd3 16. Qe3 Bxf1 17. Bxf1 Qb6 18. Bg2 Bc5 19. Qe2 e4 20. Qxe4 Bxf2+ 21. Kh1 Rae8 22.
Qc2 Be3 23. Ba3 Rf7 24. Re1 Rd8 25. Qe4 Bc5 26. Ng5 g6 27. Nxf7+ Kg7 28. Bxc5 1-0

[Event "*** SCC Grand Prix: Titled Tuesday Blitz"]
[Site "Chess.com"]
[Date "2020.06.02"]
[Round "2"]
[White "biaf13"]
[Black "Cecile-Haussernot"]
[Result "0-1"]
[WhiteElo "1989"]
[BlackElo "2359"]
[TimeControl "180+1"]
[EndTime "10:14:08 PDT"]
[Termination "Cecile-Haussernot won by checkmate"]

1. e4 c5 2. Nf3 d6 3. d4 cxd4 4. Nxd4 Nf6 5. Nc3 a6 6. Be3 e5 7. Nb3 Be7 8. f3 O-O 9. Qd2 Be6 10.
O-O-O Nbd7 11. g4 b5 12. h4 Nb6 13. Kb1 Nc4 14. Bxc4 bxc4 15. Nc1 Rb8 16. g5 Nd7 17. Nd5 Bxd5 18. Qxd5 Nb6 19. Bxb6 Qxb6 20. b3 Rfc8 21. g6 hxg6 22. Rdg1 Rc5 23. Qd2 c3 24. Qg2 Qb4 25. Nd3 Qa3 26. h5 Ra5 27. hxg6 Qxa2+ 28. Kc1 Qa1# 0-1

[Event "*** SCC Grand Prix: Titled Tuesday Blitz"]
[Site "Chess.com"]
[Date "2020.06.02"]
[Round "2"]
[White "dbrankovic68"]
[Black "Chuchofrio1"]
[Result "0-1"]
[WhiteElo "2446"]
[BlackElo "2268"]
[TimeControl "180+1"]
[EndTime "10:14:09 PDT"]
[Termination "Chuchofrio1 won on time"]

1. e4 c5 2. Nf3 e6 3. d4 cxd4 4. Nxd4 Nf6 5. Nc3 Nc6 6. Nxc6 bxc6 7. e5 Nd5 8. Ne4 Qc7 9. f4 Qb6 10. c4 Ne3 11. Qd3 Bb4+ 12. Ke2 Nxc4 0-1

[Event "*** SCC Grand Prix: Titled Tuesday Blitz"]
[Site "Chess.com"]
[Date "2020.06.02"]
[Round "2"]
[White "dolynachess"]
[Black "Quiet_Desperation"]
[Result "1-0"]
[WhiteElo "2377"]
[BlackElo "2067"]
[TimeControl "180+1"]
[EndTime "10:14:13 PDT"]
[Termination "dolynachess won by resignation"]

1. d4 Nf6 2. c4 e6 3. g3 Bb4+ 4.
Nd2 O-O 5. Bg2 d5 6. Nf3 Be7 7. O-O c6 8. Qc2 Nbd7 9. Rd1 Re8 10. e4 dxe4 11. Nxe4 Nxe4 12. Qxe4 Nf6 13. Qe2 Qa5 14. a3 Qh5 15. h3 Nd7 16. Bf4 c5 17. g4 Qg6 18. Ne5 Nxe5 19. dxe5 Rb8 20. Be4 f5 21. exf6 Qxf6 22. Bxb8 1-0

[Event "*** SCC Grand Prix: Titled Tuesday Blitz"]
[Site "Chess.com"]
[Date "2020.06.02"]
[Round "2"]
[White "keepitcool9499"]
[Black "HarutyunianTigranK"]
[Result "0-1"]
[WhiteElo "2469"]
[BlackElo "2715"]
[TimeControl "180+1"]
[EndTime "10:14:16 PDT"]
[Termination "HarutyunianTigranK won by resignation"]

1. d4 Nf6 2. c4 e6 3. Nc3 Bb4 4. Bd2 O-O 5. Nf3 b6 6. e3 Bb7 7. Qc2 d5 8. a3 Be7 9. Bd3 c5 10. cxd5 exd5 11. O-O Nc6 12. Rac1 Rc8 13. Qa4 Na5 14.
Bb1 Nc4 15. Qd1 Nxb2 16. Qc2 Nc4 17. Ne5 Nxa3 18. Qf5 Nxb1 19. Rxb1 g6 20. Qf3 cxd4 21. exd4 Ne4 22. Nxe4 dxe4 23. Qe3 Qd5 24. Rbd1 Rfd8 25. Bc1 Bf6 26. Ng4 Bg7 27. h4 h5 28. Nh6+ Bxh6 29. Qxh6 e3 30. f3 e2 31. Bg5 exf1=Q+ 32. Rxf1 Qxd4+ 33. Kh2 Qg7 0-1

[Event "*** SCC Grand Prix: Titled Tuesday Blitz"]
[Site "Chess.com"]
[Date "2020.06.02"]
[Round "2"]
[White "GregShahade"]
[Black "jaskol95"]
[Result "1-0"]
[WhiteElo "2596"]
[BlackElo "2275"]
[TimeControl "180+1"]
[EndTime "10:14:16 PDT"]
[Termination "GregShahade won by resignation"]

1. e4 e6 2. d4 d5 3. Nd2 Nf6 4. e5 Nfd7 5. c3 c5 6. Bd3 Nc6 7. Ne2 cxd4 8. cxd4 f6 9. exf6 Nxf6 10. O-O Bd6 11.
Nf3 Qc7 12. Nc3 a6 13. Be3 O-O 14. Rc1 Qb8 15. Bb1 Bd7 16. h3 Kh8 17. a3 Be8 18. Ng5 Bf7 19. Re1 h6 20. Nxf7+ Rxf7 21. Qd3 e5 22.
Nxd5 e4 23. Qb3 Nxd5 24. Qxd5 Qc7 25. Qxe4 g5 26. d5 Ne5 1-0